 Dungeon Crawl Stone Soup version 0.20-a0-1006-ge6c5631 (webtiles) character file.

306602 Ordine the Cloud Mage (level 21, -2/127 HPs)
             Began as a Tengu Fighter on Apr 14, 2017.
             Was an Elder of Makhleb.
             Slain by a deep elf blademaster
             ... wielding a +0 short sword
              (11 damage)
             ... on level 3 of the Elven Halls.
             The game lasted 02:57:29 (47833 turns).

Ordine the Cloud Mage (Tengu Fighter)              Turns: 47833, Time: 02:57:29

Health: -2/127     AC: 26    Str: 18    XL:     21   Next: 16%
Magic:  0/37       EV: 20    Int: 21    God:    Makhleb [****..]
Gold:   1082       SH: 21    Dex: 18    Spells: 8/43 levels left

rFire    + + .     SeeInvis +   G - +10 double sword "Muvefri" {slice, +Blink Int+6}
rCold    + . .     Gourm    .   l - +2 large shield
rNeg     + . .     Faith    .   c - +4 plate armour of Pathos {Slay+5 Stlth+}
rPois    +         Spirit   +   H - -2 hat of the Alchemist {rElec rPois rF+ rC+ rN+ MR+ rMut rCorr}
rElec    +         Reflect  .   D - +2 cloak {+Inv}
rCorr    +         Harm     .   T - +3 pair of gauntlets of War {Slay+5}
rMut     +                      (boots unavailable)
MR       +++..                  M - amulet of guardian spirit
Stlth    ..........             X - ring of Hospitality {rF+ MR+ Int+2 SInv}
Regen    0.4/turn               V - +6 ring of evasion
MPRegen  0.3/turn

@: about to teleport, flying quickly and evasively, slightly contaminated,
drained, quick
A: beak, talons 3, mutation resistance 1, able to fly 2
}: 2/15 runes: decaying, serpentine
a: Stop Flying, Minor Destruction, Lesser Servant of Makhleb, Major Destruction,
Renounce Religion, Evoke Blink, Evoke Invisibility


You were on level 3 of the Elven Halls.
You worshipped Makhleb.
Makhleb was greatly pleased with you.
You were very hungry.

You visited 7 branches of the dungeon, and saw 35 of its levels.
You visited the Abyss 1 time.
You also visited: Labyrinth, Ossuary, Bailey and Ice Cave.

You collected 15501 gold pieces.
You spent 7356 gold pieces at shops.
You paid 7063 gold pieces to Gozag.

Inventory:

Hand Weapons
 G - the +10 double sword "Muvefri" (weapon) {slice, +Blink Int+6}
   (You acquired it in a bailey)

   It inflicts extra damage upon your enemies.
   It affects your intelligence (+6).
   It lets you blink.
 Q - a +4 demon trident of electrocution
Armour
 c - the +4 plate armour of Pathos (worn) {Slay+5 Stlth+}
   (You bought it in a shop on level 2 of the Orcish Mines)

   It affects your accuracy and damage with ranged weapons and melee attacks
   (+5).
   It makes you more stealthy.
 l - a +2 large shield (worn)
 D - a +2 cloak of invisibility (worn)
 H - the -2 hat of the Alchemist (worn) {rElec rPois rF+ rC+ rN+ MR+ rMut rCorr}
   (You bought it in a shop on level 8 of the Dungeon)

   It protects you from fire.
   It protects you from cold.
   It insulates you from electricity.
   It protects you from poison.
   It protects you from negative energy.
   It affects your resistance to hostile enchantments.
   It protects you from acid and corrosion.
   It protects you from mutation.
 T - the +3 pair of gauntlets of War (worn) {Slay+5}
   (You bought it in a shop on level 8 of the Dungeon)

   It affects your accuracy and damage with ranged weapons and melee attacks
   (+5).
Magical Staves
 R - an uncursed staff of energy
Jewellery
 M - an amulet of guardian spirit (around neck)
 V - a +6 ring of evasion (right hand)
 X - the ring of Hospitality (left hand) {rF+ MR+ Int+2 SInv}
   (You bought it in a shop on level 9 of the Dungeon)

   [ring of protection from magic]

   It affects your intelligence (+2).
   It protects you from fire.
   It affects your resistance to hostile enchantments.
   It lets you see invisible.
Wands
 n - a wand of lightning (8/15)
 x - a wand of digging (8/24)
 I - a wand of iceblast (6/15)
Scrolls
 b - 13 scrolls of remove curse
 f - 8 scrolls of immolation
 m - 3 scrolls of fear
 p - 5 scrolls of enchant armour
 s - 8 scrolls of teleportation
 t - 8 scrolls of recharging
 u - 8 scrolls of amnesia
 w - 5 scrolls of magic mapping
 y - a scroll of torment
 A - a scroll of holy word
 B - 4 scrolls of fog
 C - 5 scrolls of identify
 E - 2 scrolls of brand weapon
 O - a scroll of vulnerability
 P - 2 scrolls of silence
Potions
 a - 2 potions of lignification
 d - a potion of agility
 h - 2 potions of might
 j - 8 potions of haste
 o - 3 potions of invisibility
 q - 7 potions of brilliance
 r - 2 potions of resistance
 v - 5 potions of cancellation
 L - 2 potions of berserk rage
 N - 9 potions of curing
 W - 4 potions of mutation
Books
 J - a book of Dreams

   Spells                             Type                      Level
   a - Ensorcelled Hibernation        Hexes/Ice                    2
   b - Silence                        Hexes/Air                    5
   c - Darkness                       Hexes                        6
   d - Shadow Creatures               Summoning                    6
 S - a book of Spatial Translocations

   Spells                             Type                      Level
   a - Blink                          Translocation                2
   b - Shroud of Golubria             Charms/Translocation         2
   c - Lesser Beckoning               Translocation                3
   d - Gell's Gravitas                Translocation                3
   e - Teleport Other                 Translocation                3
   f - Passage of Golubria            Translocation                4
Comestibles
 g - 17 royal jellies
 i - 3 bread rations
 z - 24 fruits
 Y - 2 meat rations


   Skills:
 - Level 12.2(11.8) Fighting
 - Level 16.0(15.6) Long Blades
 - Level 13.4(13.1) Armour
 - Level 12.8(12.5) Dodging
 - Level 13.8(13.5) Shields
 + Level 11.6(11.2) Spellcasting
 * Level 21.2(20.9) Air Magic
 + Level 11.0(10.6) Evocations


You had 8 spell levels left.
You knew the following spells:

 Your Spells              Type           Power        Failure   Level  Hunger
a - Silence               Hex/Air        ######....   99%         5    ####...
b - Tornado               Air            #######...   100%        9    #######
c - Deflect Missiles      Chrm/Air       ######....   100%        6    ######.
d - Apportation           Tloc           ##....       100%        1    None
e - Invisibility          Hex            ##......     100%        6    ######.
f - Blink                 Tloc           N/A          100%        2    None
g - Teleport Other        Tloc           ##......     100%        3    None
h - Lesser Beckoning      Tloc           ##........   100%        3    None


Dungeon Overview and Level Annotations

Branches:
Dungeon (15/15)            Temple (1/1) D:6            Lair (6/6) D:8
  Swamp (4/4) Lair:4        Snake (4/4) Lair:4        Slime (0/5) Lair:6
    Orc (2/2) D:12            Elf (3/3) Orc:2        Vaults (0/5) D:13
 Depths (0/5) D:15

Altars:
Ashenzari
Cheibriados
Dithmenos
Elyvilon
Fedhas
Gozag
Hepliaklqana
Kikubaaqudgha
Makhleb
Nemelex Xobeh
Okawaru
Qazlal
Ru
Sif Muna
Trog
Uskayaw
Vehumet
Wu Jian
Xom
Yredelemnul
Zin
The Shining One

Shops:
D:8 [=[*   D:9 =   D:14 [   D:15 :   Orc:2 (![*:   Elf:1 [   Elf:3 [
Snake:3 ?**   Snake:4 }==

Portals:
Trove: D:13 (give +4 demon trident)


Innate Abilities, Weirdness & Mutations

You have a beak for a mouth.
You have claws for feet.
You can fly continuously.
You are somewhat resistant to further mutation.


Message History

The deep elf blademaster hits you but does no damage.
You hear a shout!
The deep elf annihilator misses you.
The deep elf blademaster hits you but does no damage.
The deep elf blademaster completely misses you.
Unknown command.
Unknown command.
Unknown command.
As you read the scroll of teleportation, it crumbles to dust.
You feel strangely unstable.
The deep elf blademaster hits you with a short sword.
* * * LOW HITPOINT WARNING * * *
You block the deep elf blademaster's attack.
The deep elf blademaster closely misses you.
You riposte.
You slash the deep elf blademaster!
Your kick misses the deep elf blademaster.
Your peck misses the deep elf blademaster.
The deep elf blademaster is heavily wounded.
The deep elf blademaster hits you with a short sword!
You die...

#...(..E.## #.# #####.....E## #.#
####### # .......###'# #.#
#.....## ## ........##.# #.#
#......###. ........##.# ###.#
#.......#.. ......e.##.#
###...###..........
........##.####.......'..........
........'∩.....e)...###..........
........#.)#####@e.## #..........
........##.# ##..# ##.......#.
........##.# #..# ##......##
........##.# #..## ##.....##
.#####+###.# ####...# ##........
..## #.# #.# #......# ##.........
...###.# #.# #.###..# #..........
..^.##.# #.# #.#_#[.# #..........
....##.# #.# #.#<#.## #..........


You could see a deep elf blademaster (berserk) and a deep elf annihilator.

Vanquished Creatures
  the Lernaean hydra (Swamp:3)
  Nikola (Elf:1)
  Rupert (D:14)
  A deep elf blademaster (Elf:3)
  Asterion (Snake:1)
  Frances (D:13)
  A thorn hunter (Swamp:3)
  6 nagarajas
  Donald (Snake:1)
  Roxanne (D:15)
  Kirke (Swamp:3)
  A frost giant (IceCv)
  A deep elf sorcerer (Elf:3)
  Louise (Snake:1)
  Aizul (Swamp:3)
  2 orc warlords
  The ghost of krabocopter the Fencer, a journeyman MiGl of Wu Jian (Orc:2)
  A draconian shifter (Abyss:2)
  A deep elf elementalist (Elf:3)
  A stone giant (Orc:2)
  A deep elf demonologist (Elf:1)
  Azrael (Snake:2)
  A starcursed mass (Abyss:2)
  2 deep elf annihilators (Elf:3)
  A dire elephant (Lair:5)
  A fire dragon (D:15)
  3 ettins
  Snorg (Orc:1)
  A minotaur (Lab)
  A deep elf death mage (Elf:3)
  The ghost of Banto the Spear-Bearer, a journeyman DsGl of Okawaru (Lair:2)
  A deep elf high priest (Elf:3)
  4 vault guards (D:13)
  5 ghost crabs
  27 hydras
  19 naga warriors
  Erica (D:7)
  5 anacondas
  A catoblepas (Lair:6)
  8 two-headed ogres
  21 dancing weapons
  3 death yaks (Lair:6)
  13 alligators
  4 centaur warriors
  17 naga sharpshooters
  Urug (D:13)
  7 shock serpents
  3 thrashing horrors (Abyss:2)
  The ghost of mora the Grappler, a novice TrHu of Okawaru (Bailey)
  20 deep elf knights
  The ghost of Ordine the Cleaver, a novice TeFi of Gozag (Bailey)
  A hell knight (D:14)
  A spatial maelstrom (Abyss:2)
  A wretched star (Abyss:2)
  A shadow wraith (Abyss:2)
  3 salamander mystics
  6 large abominations (Abyss:2)
  12 naga ritualists
  3 unseen horrors
  5 skeletal warriors (D:15)
  4 spriggan druids
  2 wizards (D:14)
  A death drake (Abyss:2)
  9 swamp dragons
  3 shambling mangroves
  A shadow dragon zombie (D:15)
  5 lindwurms
  A golden dragon skeleton (D:15)
  A phantasmal warrior (D:15)
  12 deep elf archers
  An iron dragon zombie (Abyss:2)
  A necromancer (D:15)
  2 orc knights
  58 deep elf magi
  3 mana vipers
  A wolf spider (Lair:5)
  2 orc sorcerers
  A wolf spider zombie (D:14)
  9 ugly things
  4 oklob plants (Lair:3)
  12 cyclopes
  6 salamanders
  A stone giant skeleton (Abyss:2)
  5 manticores
  4 guardian serpents
  17 black mambas
  7 elephants
  A spiny frog (shapeshifter) (D:13)
  3 smoke demons (Abyss:2)
  18 spiny frogs
  24 naga magi
  A gargoyle (D:11)
  A spriggan zombie (D:15)
  An orange demon (Abyss:2)
  A kobold demonologist (D:13)
  A yaktaur (D:15)
  4 rime drakes
  An ancient zyme (Abyss:2)
  9 komodo dragons
  An ice devil (Abyss:2)
  20 polar bears
  7 trolls
  21 slime creatures
  9 hornets
  9 raiju (Abyss:2)
  A queen bee (Lair:3)
  7 tyrant leeches
  15 blink frogs
  9 bog bodies
  Prince Ribbit (D:8)
  7 hippogriffs
  7 dream sheep (Lair:6)
  A hippogriff (shapeshifter) (Elf:2)
  A centaur simulacrum (D:14)
  5 air elementals
  A flying skull (Abyss:2)
  3 shadows
  6 spriggans
  45 yaks
  An ettin skeleton (D:15)
  3 wyverns
  3 ynoxinuls (Abyss:2)
  5 water elementals
  3 neqoxecs (Abyss:2)
  A fire bat (Abyss:2)
  Grum (D:10)
  5 basilisks
  6 fire elementals
  4 hungry ghosts
  A chaos spawn (Abyss:2)
  27 vampire mosquitoes
  2 spatial vortices (Abyss:2)
  50 nagas
  A hog (Swamp:3)
  18 swamp worms
  The ghost of Ordine the Slasher, an amateur TeFi (D:3)
  The ghost of Ordine the Slasher, an amateur TeFi (D:4)
  3 wargs
  A hell hound (Snake:2)
  10 insubstantial wisps
  An acid dragon (D:14)
  14 water moccasins
  A soldier ant (D:8)
  18 porcupines
  37 orc warriors
  A black bear (D:13)
  A hornet zombie (D:15)
  2 ice beasts
  4 sky beasts
  2 phantoms
  19 swamp drakes
  2 eyes of draining
  An eye of draining (shapeshifter) (Elf:1)
  6 necrophages
  14 ogres
  28 wolves
  23 centaurs
  16 crocodiles
  6 big kobolds
  16 bullfrogs
  4 earth elementals
  2 wyvern zombies
  5 scorpions
  2 wyvern skeletons
  48 killer bees
  2 troll skeletons (Lab)
  A wight (D:8)
  A spriggan skeleton (Lab)
  3 centaur zombies
  2 bullfrog zombies (D:8)
  7 crimson imps
  2 quasits
  5 small abominations (Abyss:2)
  5 hounds
  4 jellies
  8 orc priests
  3 centaur skeletons
  6 iguanas
  20 orc wizards
  9 worker ants
  2 hell rats (Lair:3)
  A big kobold zombie (Ossuary)
  An ogre skeleton (Lab)
  A hound zombie (D:5)
  2 hound skeletons
  A howler monkey zombie (D:11)
  2 mummies (Ossuary)
  12 adders
  14 gnolls
  2 river rats (Lair:3)
  5 shadow imps
  A white imp (Abyss:2)
  2 ufetubi (Abyss:2)
  2 oozes
  3 adder zombies (D:6)
  4 worms
  2 dart slugs
  4 leopard geckos
  123 orcs
  4 giant cockroaches
  6 gnoll zombies (Ossuary)
  27 goblins
  22 hobgoblins
  12 jackals
  4 quokkas
  4 ball pythons
  7 bats
  5 frilled lizards
  2 goblin zombies (Ossuary)
  A hobgoblin zombie (Ossuary)
  A jackal zombie (D:9)
  56 kobolds
  A leopard gecko skeleton (D:4)
  4 orc zombies (Ossuary)
  2 quokka zombies (D:5)
  5 rats
  A fungus (D:8)
1495 creatures vanquished.

Vanquished Creatures (others)
  2 hydras (Swamp:4)
  A deep elf archer (Elf:1)
  A swamp dragon (Swamp:4)
  A deep elf mage (Elf:1)
  A polar bear (IceCv)
  A slime creature (Swamp:4)
  2 briar patches (Swamp:3)
  A bush (Lair:3)
  19 fungi
  8 plants
  8 starspawn tentacles (Abyss:2)
45 creatures vanquished.

Grand Total: 1540 creatures vanquished

Notes
Turn   | Place    | Note
-------+----------+-------------------------------------------
     0 | D:1      | Ordine the Tengu Fighter began the quest for the Orb.
     0 | D:1      | Reached XP level 1. HP: 14/14 MP: 2/2
   221 | D:1      | Reached XP level 2. HP: 19/19 MP: 3/3
   660 | D:1      | Reached XP level 3. HP: 22/23 MP: 4/4
  1029 | D:2      | Found a stormy altar of Qazlal.
  1456 | D:2      | Reached XP level 4. HP: 26/28 MP: 5/5
  1598 | D:3      | Reached skill level 5 in Long Blades
  1845 | D:3      | Noticed a big kobold
  1845 | D:3      | Noticed a big kobold
  1872 | D:3      | Noticed Ordine's ghost (amateur TeFi)
  1888 | D:3      | Found a shimmering altar of Xom.
  2245 | D:3      | Gained mutation: You can fly. [Tengu growth]
  2245 | D:3      | Reached XP level 5. HP: 30/32 MP: 6/6
  2265 | D:3      | Killed a big kobold
  2366 | D:3      | Killed Ordine's ghost
  2366 | D:3      | Reached XP level 6. HP: 31/37 MP: 3/7
  2644 | D:3      | Reached XP level 7. HP: 41/41 MP: 8/8
  3607 | D:4      | Noticed Ordine's ghost (amateur TeFi)
  3725 | D:4      | Killed Ordine's ghost
  3769 | D:4      | Reached skill level 1 in Dodging
  3902 | D:4      | Found a radiant altar of Vehumet.
  3947 | D:3      | Reached XP level 8. HP: 19/46 MP: 9/9
  4868 | D:5      | Entered Level 5 of the Dungeon
  4980 | D:5      | Found an ancient bone altar of Kikubaaqudgha.
  5237 | D:5      | Found a sand-covered staircase.
  5244 | Ossuary  | Entered an ossuary
  5318 | Ossuary  | Reached skill level 10 in Long Blades
  5831 | D:6      | Found a staircase to the Ecumenical Temple.
  5875 | Temple   | Entered the Ecumenical Temple
  5917 | Temple   | Became a worshipper of Gozag Ym Sagoz the Greedy
  5972 | D:6      | Found a glowing golden altar of the Shining One.
  6010 | D:6      | Found a hide-covered altar of Uskayaw.
  6145 | D:6      | Reached XP level 9. HP: 52/52 MP: 10/10
  6395 | D:6      | Reached skill level 5 in Armour
  7034 | D:7      | Found a stormy altar of Qazlal.
  7037 | D:7      | Found a bloodstained altar of Trog.
  7524 | D:8      | Noticed Erica
  7723 | D:7      | Killed Erica
  7723 | D:7      | Reached skill level 5 in Fighting
  7723 | D:7      | Reached skill level 5 in Shields
  7911 | D:8      | Reached XP level 10. HP: 48/59 MP: 11/11
  7977 | D:8      | Reached skill level 5 in Dodging
  8047 | D:8      | Noticed Prince Ribbit
  8056 | D:8      | Killed Prince Ribbit
  8824 | D:8      | Found a staircase to the Lair.
  8851 | D:8      | Found a hazy altar of Hepliaklqana.
  9504 | D:8      | Noticed a brown ugly thing
  9520 | D:8      | Killed a brown ugly thing
  9686 | D:8      | Bought a +1 ring of protection for 36 gold pieces
  9692 | Lair:1   | Entered Level 1 of the Lair of Beasts
  9718 | Lair:1   | Reached XP level 11. HP: 66/66 MP: 9/12
  9996 | Lair:1   | Found a frozen archway.
 10005 | IceCv    | Entered an ice cave
 11215 | IceCv    | Noticed a frost giant
 11249 | IceCv    | Killed a frost giant
 11249 | IceCv    | Reached XP level 12. HP: 70/73 MP: 11/13
 11493 | IceCv    | HP: 2/73 [something (9)]
 12665 | D:8      | Bought the -2 hat of the Alchemist {rElec rPois rF+ rC+ rN+ MR+ rMut rCorr} for 849 gold pieces
 14005 | Lair:2   | Noticed a seven-headed hydra
 14005 | Lair:2   | Noticed Banto's ghost (journeyman DsGl)
 14025 | Lair:1   | Killed a three-headed hydra
 14285 | Lair:2   | Killed Banto's ghost
 15013 | Lair:2   | Reached XP level 13. HP: 42/80 MP: 12/14
 15652 | Lair:3   | Reached skill level 10 in Armour
 15757 | Lair:3   | Reached skill level 10 in Shields
 16801 | Lair:3   | HP: 1/80 [acid (6)]
 17402 | Lair:4   | Found a staircase to the Snake Pit.
 17434 | Lair:4   | Found a staircase to the Swamp.
 18068 | Lair:4   | Reached skill level 10 in Dodging
 19590 | Lair:5   | Reached skill level 10 in Fighting
 20011 | Lair:5   | Gained mutation: You can fly continuously. [Tengu growth]
 20011 | Lair:5   | Reached XP level 14. HP: 88/88 MP: 15/15
 20174 | Lair:6   | Entered Level 6 of the Lair of Beasts
 21194 | Lair:6   | Found a staircase to the Slime Pits.
 21881 | Lair:6   | Noticed a dire elephant
 22149 | Lair:5   | Killed a dire elephant
 24156 | D:9      | Found a blossoming altar of Fedhas.
 24343 | D:9      | Found a burning altar of Makhleb.
 24683 | D:10     | Entered Level 10 of the Dungeon
 24775 | D:10     | Found an opulent altar of Gozag.
 24880 | D:10     | Found a flagged portal.
 24890 | Bailey   | Entered a bailey
 24907 | Bailey   | Noticed Ordine's ghost (novice TeFi)
 24955 | Bailey   | Killed Ordine's ghost
 25085 | Bailey   | Noticed mora's ghost (novice TrHu)
 25121 | Bailey   | Killed mora's ghost
 25255 | Bailey   | Noticed an orc warlord
 25306 | Bailey   | Killed an orc warlord
 25491 | Bailey   | Identified a scroll of acquirement
 25494 | Bailey   | Got a polished double sword
 25496 | Bailey   | Identified the +10 double sword "Muvefri" {slice, +Blink Int+6} (You acquired it in a bailey)
 25555 | D:10     | Learned a level 5 spell: Silence
 25654 | D:10     | Noticed Grum
 25659 | D:10     | Killed Grum
 25767 | D:10     | Reached skill level 15 in Long Blades
 25767 | D:10     | Reached XP level 15. HP: 94/94 MP: 16/16
 26247 | D:11     | Reached XP level 16. HP: 100/100 MP: 17/17
 26248 | D:11     | Found an opulent altar of Gozag.
 26432 | D:11     | Learned a level 9 spell: Tornado
 27233 | D:8      | Bought the +3 pair of gauntlets of War {Slay+5} for 1520 gold pieces
 27233 | D:8      | Bought a faintly humming ring mail for 288 gold pieces
 27248 | D:8      | Identified the +3 ring mail "Ludon" {+Inv MR- Stlth+} (You bought it in a shop on level 8 of the Dungeon)
 27358 | D:12     | Found a staircase to the Orcish Mines.
 27372 | D:12     | Found a labyrinth entrance.
 27379 | Lab      | Entered a labyrinth
 27649 | D:12     | Found a shadowy altar of Dithmenos.
 28274 | D:13     | Found a portal to a secret trove of treasure.
 28357 | D:13     | Found a gate to the Vaults.
 28579 | D:13     | Noticed Urug
 28589 | D:13     | Killed Urug
 28733 | D:13     | Got an iridescent long sword
 28734 | D:13     | Identified the cursed +1 long sword "Bidyelowk" {protect, rElec rPois rC+ Stlth-} (You found it on level 13 of the Dungeon)
 29021 | D:13     | Noticed Frances
 29039 | D:13     | Killed Frances
 29338 | D:14     | Reached skill level 1 in Air Magic
 29395 | D:14     | Reached skill level 2 in Air Magic
 29951 | D:14     | Reached skill level 3 in Air Magic
 30135 | D:14     | Cast into level 2 of the Abyss (a wizard)
 30198 | Abyss:2  | Reached skill level 4 in Air Magic
 30426 | Abyss:2  | Noticed a lich
 30541 | Abyss:2  | Noticed an Executioner
 30692 | Abyss:2  | Reached skill level 5 in Air Magic
 31036 | Abyss:2  | Noticed a tentacled starspawn
 31103 | Abyss:2  | Found a corrupted altar of Lugonu.
 31224 | Abyss:2  | Reached skill level 6 in Air Magic
 31299 | Abyss:2  | Gained mutation: Your body sometimes deteriorates upon taking damage. [a neqoxec]
 31307 | Abyss:2  | Reached XP level 17. HP: 70/106 MP: 15/18
 31567 | D:14     | Escaped the Abyss
 31738 | D:14     | Noticed Rupert
 31744 | D:14     | Killed Rupert
 31744 | D:14     | Reached skill level 7 in Air Magic
 31913 | D:14     | Lost mutation: Your body sometimes deteriorates upon taking damage. [potion of mutation]
 31913 | D:14     | Gained mutation: You are somewhat resistant to further mutation. [potion of mutation]
 32269 | D:14     | Bought a +2 plate armour of magic resistance for 560 gold pieces
 32269 | D:14     | Bought the cursed -5 robe of Misfortune {-Cast *Contam *Tele *Drain EV-5 Stlth-- *Curse} for 1 gold piece
 32317 | D:15     | Entered Level 15 of the Dungeon
 32343 | D:15     | Reached skill level 1 in Spellcasting
 32411 | D:15     | Reached skill level 8 in Air Magic
 32506 | D:15     | Found a staircase to the Depths.
 32596 | D:15     | Reached skill level 9 in Air Magic
 32795 | D:15     | Found Lanaipn's Book Shop.
 32879 | D:15     | Reached skill level 10 in Air Magic
 33037 | D:15     | Noticed Roxanne
 33219 | D:15     | Killed Roxanne
 33240 | D:15     | Learned a level 6 spell: Deflect Missiles
 33499 | Orc:1    | Entered Level 1 of the Orcish Mines
 33644 | Orc:1    | Noticed Snorg
 33655 | Orc:1    | Killed Snorg
 34054 | Orc:2    | Entered Level 2 of the Orcish Mines
 34054 | Orc:2    | Found Xioj's Antique Armour Shoppe.
 34066 | Orc:1    | Reached skill level 11 in Air Magic
 34091 | Orc:2    | Bought a crude plate armour for 644 gold pieces
 34091 | Orc:2    | Identified the +4 plate armour of Pathos {Slay+5 Stlth+} (You bought it in a shop on level 2 of the Orcish Mines)
 34165 | Orc:2    | Noticed krabocopter's ghost (journeyman MiGl)
 35405 | Orc:2    | Killed krabocopter's ghost
 35405 | Orc:2    | Reached skill level 5 in Spellcasting
 35405 | Orc:2    | Reached skill level 12 in Air Magic
 35442 | Orc:2    | Found Onnuacut's Distillery.
 35447 | Orc:2    | Bought a potion of resistance for 110 gold pieces
 35447 | Orc:2    | Bought a potion of curing for 33 gold pieces
 35447 | Orc:2    | Bought a potion of curing for 33 gold pieces
 35447 | Orc:2    | Bought a potion of curing for 33 gold pieces
 35447 | Orc:2    | Bought a potion of agility for 44 gold pieces
 35447 | Orc:2    | Bought a potion of haste for 110 gold pieces
 35447 | Orc:2    | Bought a potion of curing for 33 gold pieces
 35447 | Orc:2    | Bought 2 potions of curing for 66 gold pieces
 35447 | Orc:2    | Bought 2 potions of mutation for 176 gold pieces
 35449 | Orc:2    | Found Boboesatza's Antique Weapon Emporium.
 35570 | Orc:2    | Found a staircase to the Elven Halls.
 35592 | Orc:2    | Found Wisecs's Book Emporium.
 35999 | Orc:2    | Found Ifiybrevuh's General Store.
 36007 | Orc:2    | Bought 2 scrolls of teleportation for 84 gold pieces
 36007 | Orc:2    | Bought a scroll of remove curse for 42 gold pieces
 36007 | Orc:2    | Bought a scroll of torment for 105 gold pieces
 36007 | Orc:2    | Bought a +2 cloak of invisibility for 301 gold pieces
 36007 | Orc:2    | Bought a royal jelly for 28 gold pieces
 36007 | Orc:2    | Bought a scroll of identify for 28 gold pieces
 36321 | Swamp:1  | Entered Level 1 of the Swamp
 36421 | Swamp:1  | Reached skill level 1 in Evocations
 36555 | Swamp:1  | Reached skill level 13 in Air Magic
 36621 | Swamp:1  | Reached XP level 18. HP: 112/112 MP: 27/27
 37589 | Swamp:3  | Reached skill level 14 in Air Magic
 38158 | Swamp:3  | Noticed Aizul
 38171 | Swamp:3  | Killed Aizul
 38226 | Swamp:3  | Noticed Kirke
 38230 | Swamp:3  | Killed Kirke
 38481 | Swamp:4  | Entered Level 4 of the Swamp
 38513 | Swamp:4  | Reached skill level 5 in Evocations
 38579 | Swamp:4  | Reached skill level 15 in Air Magic
 38646 | Swamp:4  | Noticed the 27-headed Lernaean hydra
 38807 | Swamp:3  | Killed the 26-headed Lernaean hydra
 38807 | Swamp:3  | Reached skill level 16 in Air Magic
 39132 | Swamp:4  | Got a decaying rune of Zot
 39651 | D:8      | Bought 2 potions of invisibility for 624 gold pieces
 39651 | D:8      | Bought a scroll of identify for 78 gold pieces
 39651 | D:8      | Bought a scroll of identify for 78 gold pieces
 39696 | Snake:1  | Entered Level 1 of the Snake Pit
 39787 | Snake:1  | Reached XP level 19. HP: 98/116 MP: 27/32
 39845 | Snake:1  | Noticed Donald
 39874 | Snake:1  | Killed Donald
 40180 | Snake:1  | Noticed Asterion
 40200 | Snake:1  | Killed Asterion
 40574 | Snake:1  | Noticed Louise
 40582 | Snake:1  | Killed Louise
 40692 | Snake:1  | Reached skill level 17 in Air Magic
 41408 | Snake:2  | Noticed Azrael
 41426 | Snake:2  | Killed Azrael
 41800 | Snake:3  | Learned a level 1 spell: Apportation
 41807 | Snake:3  | Learned a level 6 spell: Invisibility
 41811 | Snake:3  | Learned a level 2 spell: Blink
 41817 | Snake:3  | Learned a level 3 spell: Teleport Other
 41821 | Snake:3  | Learned a level 3 spell: Lesser Beckoning
 41925 | Snake:3  | Found Tizucs's Magic Scroll Shoppe.
 41929 | Snake:3  | Found Legetzai's General Store.
 41930 | Snake:3  | Found Daptotiu's Assorted Antiques.
 41937 | Snake:3  | Bought a scroll of identify for 36 gold pieces
 41937 | Snake:3  | Bought a scroll of magic mapping for 63 gold pieces
 41937 | Snake:3  | Bought a potion of might for 72 gold pieces
 41941 | Snake:3  | Bought a brass ring for 195 gold pieces
 41941 | Snake:3  | Bought a potion of invisibility for 312 gold pieces
 41955 | Snake:3  | Bought a scroll of teleportation for 63 gold pieces
 41982 | Snake:3  | Reached skill level 18 in Air Magic
 42112 | Snake:3  | Found a snail-covered altar of Cheibriados.
 42292 | Snake:4  | Entered Level 4 of the Snake Pit
 44061 | Snake:4  | Reached XP level 20. HP: 116/122 MP: 34/34
 44083 | Snake:4  | Reached skill level 10 in Spellcasting
 44085 | Snake:4  | Reached skill level 19 in Air Magic
 44285 | Snake:4  | Got a serpentine rune of Zot
 44449 | Snake:4  | Found Nyecsut's Gadget Boutique.
 44449 | Snake:4  | Found Tiechaxaho's Jewellery Shoppe.
 44450 | Snake:4  | Found Gozea's Jewellery Shoppe.
 44948 | D:9      | Bought the ring of Hospitality {rF+ MR+ Int+2 SInv} for 711 gold pieces
 44957 | D:9      | Fell from the grace of Gozag
 44957 | D:9      | Became a worshipper of Makhleb the Destroyer
 45115 | Elf:1    | Entered Level 1 of the Elven Halls
 45356 | Elf:1    | Found a deep blue altar of Sif Muna.
 45362 | Elf:1    | Found Liur's Armour Shoppe.
 45405 | Elf:1    | Reached * piety under Makhleb
 45596 | Elf:1    | Noticed Nikola
 45604 | Elf:1    | Reached skill level 20 in Air Magic
 45604 | Elf:1    | Reached skill level 10 in Evocations
 45611 | Elf:1    | Killed Nikola
 45626 | Elf:1    | Identified the Tome of Companions
 45926 | Elf:1    | Reached ** piety under Makhleb
 46265 | Elf:2    | Found a runed gate.
 46265 | Elf:2    | Found a runed gate.
 46265 | Elf:2    | Found a runed gate.
 46800 | Elf:2    | Reached *** piety under Makhleb
 47035 | Elf:2    | Reached XP level 21. HP: 127/127 MP: 35/37
 47182 | Elf:3    | Entered Level 3 of the Elven Halls
 47190 | Elf:3    | Reached skill level 21 in Air Magic
 47408 | Elf:3    | Found a radiant altar of Vehumet.
 47463 | Elf:3    | Found Lestro's Armour Shop.
 47811 | Elf:3    | Reached **** piety under Makhleb
 47831 | Elf:3    | HP: 2/127 [deep elf blademaster/short sword (5)]
 47833 | Elf:3    | Slain by a deep elf blademaster

Vault maps used:
D:1:      matt_arrival_refuge
D:2:      minivault_11, serial_park_tiny_pond, nicolae_qazlal_general_emergency
D:3:      minmay_goblin_kobold_castle, old_standard_altar
D:4:      vehumet_altar_wand_db, serial_curves, eino_curves_04, eino_curves_03,
          first_bread
D:5:      kiku_gazebo_pond_becter, enter_ossuary_4
D:6:      overflow_temple_1_default, tso_altar, temple_doors_e
D:7:      minitemple, the_bakery
D:8:      minmay_blocky_corners, lemuel_crystal_altar, minmay_lair_entry_grove,
          uniq_erica, uniq_prince_ribbit1
D:9:      old_standard_altar, makhleb_blood_cavern_becter
D:10:     basic_altar, enter_bailey_8, uniq_grum
D:11:     nicolae_gozag_cash_rules_everything_around_me
D:12:     orc_0_dummy, lab_entry_generic, spider_trap,
          grunt_dithmenos_smoke_and_mirrors
D:13:     lightli_vaults_fourway_checkpoint, nicolae_trove_entry_crystal,
          kennysheep_cross_bottleneck, uniq_urug, uniq_frances
D:14:     minmay_misc_feat_four_crosses, sword_in_stone, uniq_rupert
D:15:     gammafunk_depths_entry_grave, serial_shops, shop_fountains,
          uniq_roxanne
Temple:   nicolae_temple_hex_pool
Lair:1:   portal_ice_cave_entry_pillars_2, beast_lair_carwin_3,
          serial_bayou_shore_a
Lair:3:   hangedman_what_comes_after_a, cheibrodos_lair_caveside_slide,
          minmay_hedge_maze, infiniplex_staircase_pool_2
Lair:4:   minmay_swamp_entry_reptiles, dummy_snake_entry, lemuel_fruit_fields
Lair:5:   st_stairs_11
Lair:6:   hangedman_lair_in_review, dpeg_slime_entry_corner,
          cheibrodos_lair_lostbears
Swamp:1:  nicolae_swamp_round_clearing, swamp_pool5
Swamp:2:  evilmike_swamp_ruin_house_2
Swamp:3:  evilmike_swamp_ruin_wall, uniq_aizul, uniq_kirke
Swamp:4:  swamp_alternative, swamp_pool2, infiniplex_staircase_pool
Snake:1:  uniq_louise, uniq_donald, uniq_asterion
Snake:2:  uniq_azrael
Snake:3:  basic_altar, minmay_shop_star
Snake:4:  snake_pit, minmay_shop_grove, grunt_megastairs_3
Orc:1:    uniq_snorg
Orc:2:    grunt_orc_gardens, grunt_orc_garden, grunt_orc_garden,
          grunt_orc_garden, grunt_orc_garden, serial_shops, shop
Elf:1:    serial_shops, nicolae_shop_statue_plus, basic_altar,
          minmay_elf_demonology, grunt_megastairs_1, uniq_nikola
Elf:2:    corexii_checkpoint_a, minivault_25
Elf:3:    elf_hall, serial_shops, shop, lemuel_statue_altar
Lab:      labyrinth_watery, nicolae_lab_quarters, nicolae_lab_stuck, lab_hedge,
          lab_block, labyrinth_lava_lair, nicolae_lab_plus
Ossuary:  minmay_ossuary_gauntlet
Bailey:   bailey_axe_minmay_hex_keep, bailey
IceCv:    ice_cave_caverns_03

Skill      XL: |  1  2  3  4  5  6  7  8  9 10 11 12 13 14 15 16 17 18 19 20 21 |
---------------+----------------------------------------------------------------+-----
Long Blades    | 3 4 5 7 9 10 11 12 13 14 15 16 | 16.0
Dodging        | 1 3 4 6 7 9 10 11 12 | 12.8
Armour         | 4 6 7 8 9 11 12 13 | 13.4
Shields        | 4 5 6 7 9 11 12 13 | 13.8
Fighting       | 4 5 6 7 8 10 11 12 | 12.2
Air Magic      | 6 13 16 18 20 21 | 21.2
Spellcasting   | 5 8 9 11 | 11.6
Evocations     | 2 6 8 10 11 | 11.0

Action                   |  1- 3 |  4- 6 |  7- 9 | 10-12 | 13-15 | 16-18 | 19-21 || total
-------------------------+-------+-------+-------+-------+-------+-------+-------++-------
Melee: Long sword        |    85 |   128 |   382 |   367 |       |       |       ||   962
       Kick              |    25 |    31 |   126 |   240 |   502 |   533 |   360 ||  1817
       Peck              |    11 |    28 |    71 |   142 |   325 |   327 |   218 ||  1122
       Scimitar          |       |       |       |   291 |  1108 |       |       ||  1399
       Double sword      |       |       |       |       |    74 |  1333 |   928 ||  2335
Invok: Potion Petition   |       |       |     1 |       |     2 |       |     1 ||     4
       Call Merchant     |       |       |       |     2 |     1 |     2 |     1 ||     6
 Abil: Fly               |       |     3 |    14 |    29 |    13 |       |     1 ||    60
       Evoke Invisibilit |       |       |       |       |       |       |     2 ||     2
       Stop Flying       |       |       |       |       |       |       |     1 ||     1
Evoke: Wand              |       |       |       |     1 |     7 |     1 |     1 ||    10
  Use: Scroll            |     7 |       |     9 |     8 |    14 |    22 |    16 ||    76
       Potion            |       |     1 |     4 |     8 |     3 |     7 |     5 ||    28
 Stab: Distracted        |       |       |       |     7 |     6 |    11 |     7 ||    31
       Petrifying        |       |       |       |       |     2 |       |       ||     2
       Invisible         |       |       |       |       |       |       |     7 ||     7
  Eat: Chunk             |     2 |     4 |    12 |       |       |       |     6 ||    24
       Bread ration      |       |       |     2 |     7 |     4 |     4 |     2 ||    19
       Royal jelly       |       |       |     1 |       |     5 |       |     2 ||     8
       Fruit             |       |       |     1 |       |     2 |     3 |       ||     6
       Meat ration       |       |       |       |       |     1 |     5 |     1 ||     7
Armor: Scale mail        |    21 |       |       |       |       |       |       ||    21
       Ring mail         |    13 |    51 |    82 |   121 |   136 |    50 |       ||   453
       Animal skin       |       |       |       |     1 |       |       |       ||     1
       Skin              |       |       |       |       |     9 |       |       ||     9
       Plate armour      |       |       |       |       |       |   194 |   182 ||   376
Dodge: Dodged            |    26 |    74 |   143 |   392 |   546 |   704 |   317 ||  2202
Block: Shield            |     1 |       |       |       |   464 |    98 |       ||   563
       Buckler           |    26 |    49 |    95 |   222 |    59 |       |       ||   451
       Large shield      |       |       |       |       |       |  1019 |   833 ||  1852
       Rpst.: Long sword |     7 |    24 |    44 |    51 |       |       |       ||   126
       Scimitar          |       |       |       |    53 |   122 |       |       ||   175
       Double sword      |       |       |       |       |     7 |   131 |    45 ||   183
